NCAA
KENTUCKY WILDCATS @ ALABAMA CRIMSON TIDE
04/17/2026
 
TOP OF THE 1ST
Kentucky Wildcats batting - Pitching for Alabama Crimson Tide : RHP Kip Coleman
Pitching: RHP Kip Coleman
Batting: LHB Eric Dillard 0-0: Ball
1-0: Called Strike
1-1: Swinging Strike
1-2: Ball
2-2: SINGLE (Groundball, 5D)
Batting: RHB Julius Farmer 0-0: Ball
1-0: Fielders Choice at 2nd, 1-4 (Groundball, 23)
Batting: SHB Arnold Moore 0-0: Foul Ball, location: 2F
0-1: Ball
Julius Farmer steals 2nd base
1-1: Ball
2-1: 2-RUN HOME RUN (Flyball, 89XD), Distance : 366 ft
Batting: SHB Bryan Long 0-0: Ball
1-0: Ball
2-0: Ball
3-0: Called Strike
3-1: Called Strike
3-2: Foul Ball, location: 2F
3-2: SOLO HOME RUN (Flyball, 9LD), Distance : 331 ft
Batting: RHB Bob Zambrano 0-0: Ball
1-0: Fly out, F4 (Popup, 34D)
Batting: RHB Roberto Juárez 0-0: Swinging Strike
0-1: Foul Ball, location: 2F
0-2: Ball
1-2: Ball
2-2: Ball
3-2: Foul Ball, location: 2F
3-2: Foul Ball, location: 2F
3-2: SINGLE (Line Drive, 9S)
Batting: SHB Russ Beasley 0-0: Ball
1-0: Called Strike
1-1: Foul Ball, location: 2F
1-2: Fly out, F9 (Flyball, 9LM)
Top of the 1st over - 3 run(s), 4 hit(s), 0 error(s), 1 left on base; Kentucky 3 - Alabama 0
BOTTOM OF THE 1ST
Alabama Crimson Tide batting - Pitching for Kentucky Wildcats : RHP Dominic Charette
Pitching: RHP Dominic Charette
Batting: LHB Chris White 0-0: Called Strike
0-1: Foul Ball, location: 2F
0-2: Foul Ball, location: 2F
0-2: Foul Ball, location: 2F
0-2: Ball
1-2: Ball
2-2: Ball
3-2: Foul Ball, location: 2F
3-2: Ground out 2-3 (Groundball, 23)
Batting: LHB Clayton Bailey 0-0: Swinging Strike
0-1: Ball
1-1: Foul Ball, location: 2F
1-2: Foul Ball, location: 2F
1-2: Strikes out swinging
Batting: SHB Jorge Dávila 0-0: Fly out, F2 (Popup, 2RF)
Bottom of the 1st over - 0 run(s), 0 hit(s), 0 error(s), 0 left on base; Kentucky 3 - Alabama 0
TOP OF THE 2ND
Kentucky Wildcats batting - Pitching for Alabama Crimson Tide : RHP Kip Coleman
Batting: RHB Joseph Leach 0-0: Ball
1-0: Ball
2-0: Ball
3-0: Base on Balls
Batting: RHB Morris Wilson 0-0: Ball
1-0: Fly out, F8 (Flyball, 8RM)
Batting: LHB Eric Dillard 0-0: Called Strike
Joseph Leach is caught stealing 2nd base
0-1: Ball
1-1: Foul Ball, location: 2F
1-2: Foul Ball, location: 2F
1-2: Foul Ball, location: 2F
1-2: Foul Ball, location: 2F
1-2: Strikes out swinging
Top of the 2nd over - 0 run(s), 0 hit(s), 0 error(s), 0 left on base; Kentucky 3 - Alabama 0
BOTTOM OF THE 2ND
Alabama Crimson Tide batting - Pitching for Kentucky Wildcats : RHP Dominic Charette
Batting: RHB Stephen Nava 0-0: Called Strike
0-1: Fly out, F5 (Popup, 15)
Batting: RHB Nick Vogel 0-0: Ball
1-0: Swinging Strike
1-1: SINGLE (Groundball, 34D)
Batting: RHB Greg Grant 0-0: Ball
1-0: Reached on error, E5 (Groundball, 56S)
Nick Vogel to second
Batting: RHB William Robinson 0-0: SINGLE (Groundball, 34)
Nick Vogel to third
Greg Grant to second
Runner from 3rd tries for Home, SAFE, no throw or cutoff
Batting: RHB Scott Graves 0-0: Ball
1-0: Called Strike
1-1: Ground out 4-3 (Groundball, 4M)
Greg Grant to third
William Robinson to second
Batting: RHB Walt McDonald 0-0: Called Strike
0-1: Called Strike
0-2: Ball
1-2: Fly out, F8 (Flyball, 8LXD)
Bottom of the 2nd over - 1 run(s), 2 hit(s), 1 error(s), 2 left on base; Kentucky 3 - Alabama 1
TOP OF THE 3RD
Kentucky Wildcats batting - Pitching for Alabama Crimson Tide : RHP Kip Coleman
Batting: RHB Julius Farmer 0-0: Ground out 1-3 (Groundball, 3S)
Batting: SHB Arnold Moore 0-0: Ball
1-0: Ball
2-0: Ball
3-0: Base on Balls
Batting: SHB Bryan Long 0-0: Ball
1-0: Called Strike
1-1: Foul Ball, location: 2F
1-2: Fly out, F4 (Line Drive, 4)
Batting: RHB Bob Zambrano 0-0: Ball
1-0: Foul Ball, location: 2F
1-1: Foul Ball, location: 2F
1-2: Ball
2-2: Foul Ball, location: 2F
2-2: Foul Ball, location: 2F
2-2: Fly out, F4 (Popup, 34)
Top of the 3rd over - 0 run(s), 0 hit(s), 0 error(s), 1 left on base; Kentucky 3 - Alabama 1
BOTTOM OF THE 3RD
Alabama Crimson Tide batting - Pitching for Kentucky Wildcats : RHP Dominic Charette
Batting: LHB Chris White 0-0: Ball
1-0: Ball
2-0: Called Strike
2-1: Ball
3-1: Foul Ball, location: 2F
3-2: Base on Balls
Batting: LHB Clayton Bailey 0-0: Ball
Chris White steals 2nd base
1-0: Called Strike
1-1: Foul Ball, location: 2F
1-2: Fly out, F8 (Flyball, 8LM)
Batting: SHB Jorge Dávila 0-0: Ball
1-0: Foul Ball, location: 2F
1-1: Ball
2-1: Ball
3-1: Swinging Strike
3-2: Foul Ball, location: 2F
3-2: Base on Balls
Batting: RHB Stephen Nava 0-0: Swinging Strike
0-1: Called Strike
0-2: Strikes out swinging
Batting: RHB Nick Vogel 0-0: Foul Ball, location: 2F
0-1: Ball
1-1: Fly out, F7 (Flyball, 7M)
Bottom of the 3rd over - 0 run(s), 0 hit(s), 0 error(s), 2 left on base; Kentucky 3 - Alabama 1
TOP OF THE 4TH
Kentucky Wildcats batting - Pitching for Alabama Crimson Tide : RHP Kip Coleman
Batting: RHB Roberto Juárez 0-0: Called Strike
0-1: Foul Ball, location: 2F
0-2: Ball
1-2: Ball
2-2: Foul Ball, location: 2F
2-2: Strikes out looking
Batting: SHB Russ Beasley 0-0: Ball
1-0: SINGLE (Groundball, 6MD)
Batting: RHB Joseph Leach 0-0: Ball
1-0: Ball
2-0: Ball
3-0: Base on Balls
Russ Beasley to second
Batting: RHB Morris Wilson 0-0: Ball
1-0: Ball
2-0: Ball
3-0: Called Strike
3-1: Base on Balls
Russ Beasley to third
Joseph Leach to second
Batting: LHB Eric Dillard 0-0: Ball
1-0: Called Strike
1-1: Ball
2-1: Called Strike
2-2: Strikes out swinging
Pitching: RHP Mark Gibson
Batting: RHB Julius Farmer 0-0: Called Strike
0-1: Foul Ball, location: 2F
0-2: Strikes out looking
Top of the 4th over - 0 run(s), 1 hit(s), 0 error(s), 3 left on base; Kentucky 3 - Alabama 1
BOTTOM OF THE 4TH
Alabama Crimson Tide batting - Pitching for Kentucky Wildcats : RHP Dominic Charette
Batting: RHB Greg Grant 0-0: Foul Ball, location: 2F
0-1: Foul Ball, location: 2F
0-2: Ball
1-2: Foul Ball, location: 2F
1-2: Ball
2-2: Foul Ball, location: 2F
2-2: Ball
3-2: Base on Balls
Batting: RHB William Robinson 0-0: Called Strike
0-1: Fly out, F9 (Flyball, 9LM)
Batting: RHB Scott Graves 0-0: Called Strike
Greg Grant steals 2nd base
0-1: Ground out 6-3 (Groundball, 6)
Greg Grant to third
Batting: RHB Walt McDonald 0-0: Ball
1-0: Called Strike
1-1: SINGLE (Flyball, 78M)
Greg Grant scores
Batting: LHB Chris White 0-0: Ball
1-0: Swinging Strike
1-1: Called Strike
1-2: Ball
2-2: Fly out, F5 (Popup, 56)
Bottom of the 4th over - 1 run(s), 1 hit(s), 0 error(s), 1 left on base; Kentucky 3 - Alabama 2
TOP OF THE 5TH
Kentucky Wildcats batting - Pitching for Alabama Crimson Tide : RHP Mark Gibson
Batting: SHB Arnold Moore 0-0: Fly out, F6 (Popup, 5D)
Batting: SHB Bryan Long 0-0: Ball
1-0: Foul Ball, location: 2F
1-1: Ground out 6-3 (Groundball, 6M)
Batting: RHB Bob Zambrano 0-0: Foul Ball, location: 2F
0-1: Swinging Strike
0-2: Ball
1-2: Strikes out swinging
Top of the 5th over - 0 run(s), 0 hit(s), 0 error(s), 0 left on base; Kentucky 3 - Alabama 2
BOTTOM OF THE 5TH
Alabama Crimson Tide batting - Pitching for Kentucky Wildcats : RHP Dominic Charette
Batting: LHB Clayton Bailey 0-0: Fly out, F7 (Flyball, 7M)
Batting: SHB Jorge Dávila 0-0: Ball
1-0: Ball
2-0: Called Strike
2-1: Foul Ball, location: 2F
2-2: Foul Ball, location: 2F
2-2: Foul Ball, location: 2F
2-2: Ground out 4-3 (Groundball, 4)
Batting: RHB Stephen Nava 0-0: SOLO HOME RUN (Flyball, 78XD), Distance : 384 ft
Batting: RHB Nick Vogel 0-0: Fly out, F4 (Line Drive, 4S)
Bottom of the 5th over - 1 run(s), 1 hit(s), 0 error(s), 0 left on base; Kentucky 3 - Alabama 3
TOP OF THE 6TH
Kentucky Wildcats batting - Pitching for Alabama Crimson Tide : RHP Mark Gibson
Batting: RHB Roberto Juárez 0-0: Called Strike
0-1: Fly out, F2 (Popup, 2LF)
Batting: SHB Russ Beasley 0-0: Foul Ball, location: 2F
0-1: Ball
1-1: Swinging Strike
1-2: Ball
2-2: Strikes out swinging
Batting: RHB Joseph Leach 0-0: Ground out 6-3 (Groundball, 6)
Top of the 6th over - 0 run(s), 0 hit(s), 0 error(s), 0 left on base; Kentucky 3 - Alabama 3
BOTTOM OF THE 6TH
Alabama Crimson Tide batting - Pitching for Kentucky Wildcats : RHP Dominic Charette
Pitching: RHP Jeremy Garner
Batting: RHB Greg Grant 0-0: Called Strike
0-1: Called Strike
0-2: Ball
1-2: Ball
2-2: Ball
3-2: Base on Balls
Batting: RHB William Robinson 0-0: Ball
1-0: Foul Ball, location: 2F
1-1: Foul Ball, location: 2F
1-2: Strikes out looking
Batting: RHB Scott Graves 0-0: Called Strike
Greg Grant is caught stealing 2nd base
0-1: Ball
1-1: Ball
2-1: Ball
3-1: Base on Balls
Batting: RHB Walt McDonald 0-0: Called Strike
0-1: Called Strike
0-2: Ball
Scott Graves is caught stealing 2nd base
Bottom of the 6th over - 0 run(s), 0 hit(s), 0 error(s), 0 left on base; Kentucky 3 - Alabama 3
TOP OF THE 7TH
Kentucky Wildcats batting - Pitching for Alabama Crimson Tide : RHP Mark Gibson
Pitching: RHP Curt Dunn
Batting: RHB Morris Wilson 0-0: SINGLE (Groundball, 34D)
Batting: LHB Eric Dillard 0-0: Ball
1-0: Bunt missed!
1-1: Ball
2-1: Bunted foul
2-2: Ball
3-2: Foul Ball, location: 2F
3-2: SINGLE (Flyball, 78S)
Morris Wilson to second
Batting: RHB Julius Farmer 0-0: Ball
1-0: Bunt - Flyout! F5
Batting: SHB Arnold Moore 0-0: Called Strike
0-1: Ball
1-1: Ball
2-1: Called Strike
2-2: Foul Ball, location: 2F
2-2: Ball
3-2: Foul Ball, location: 2F
Error on foul ball, E7
3-2: Strikes out swinging
Batting: SHB Bryan Long 0-0: Ball
1-0: Ball
2-0: 3-RUN HOME RUN (Flyball, 78XD), Distance : 382 ft
Batting: RHB Bob Zambrano 0-0: Ball
1-0: Called Strike
1-1: Ground out 1-4-3 (Groundball, 15S)
Top of the 7th over - 3 run(s), 3 hit(s), 1 error(s), 0 left on base; Kentucky 6 - Alabama 3
BOTTOM OF THE 7TH
Alabama Crimson Tide batting - Pitching for Kentucky Wildcats : RHP Jeremy Garner
Batting: RHB Walt McDonald 0-0: Ball
1-0: Foul Ball, location: 2F
1-1: Foul Ball, location: 2F
1-2: Ball
2-2: Fly out, F8 (Flyball, 8RM)
Batting: LHB Chris White 0-0: Ball
1-0: Fly out, F7 (Popup, 56D)
Batting: LHB Clayton Bailey 0-0: Ball
1-0: Ball
2-0: Foul Ball, location: 2F
2-1: Foul Ball, location: 2F
2-2: Ball
3-2: Base on Balls
Batting: SHB Jorge Dávila 0-0: Called Strike
0-1: Swinging Strike
0-2: Ball
1-2: Strikes out swinging
Bottom of the 7th over - 0 run(s), 0 hit(s), 0 error(s), 1 left on base; Kentucky 6 - Alabama 3
TOP OF THE 8TH
Kentucky Wildcats batting - Pitching for Alabama Crimson Tide : RHP Curt Dunn
Pitching: RHP Alfonso Sánchez
Batting: RHB Roberto Juárez 0-0: Swinging Strike
0-1: Called Strike
0-2: Ground out 1-3 (Groundball, 13S)
Batting: SHB Russ Beasley 0-0: Ball
1-0: Foul Ball, location: 2F
1-1: Ball
2-1: Ball
3-1: Swinging Strike
3-2: Foul Ball, location: 2F
3-2: Strikes out swinging
Batting: RHB Joseph Leach 0-0: Foul Ball, location: 2F
0-1: Foul Ball, location: 2F
0-2: Ball
1-2: Ball
2-2: Foul Ball, location: 2F
2-2: Strikes out swinging
Top of the 8th over - 0 run(s), 0 hit(s), 0 error(s), 0 left on base; Kentucky 6 - Alabama 3
BOTTOM OF THE 8TH
Alabama Crimson Tide batting - Pitching for Kentucky Wildcats : RHP Jeremy Garner
Pitching: RHP Bryce Gray
Batting: RHB Stephen Nava 0-0: Swinging Strike
0-1: Ball
1-1: Ball
2-1: SINGLE (Groundball, 13S) (infield hit)
Batting: RHB Nick Vogel 0-0: Fly out, F3 (Popup, 4S)
Batting: RHB Greg Grant 0-0: Called Strike
0-1: Called Strike
0-2: Ball
1-2: Foul Ball, location: 2F
1-2: Foul Ball, location: 2F
1-2: SINGLE (Line Drive, 78S)
Stephen Nava to second
Batting: RHB William Robinson 0-0: Foul Ball, location: 2F
0-1: Foul Ball, location: 2F
0-2: Ball
1-2: Foul Ball, location: 2F
1-2: DOUBLE (Line Drive, 5D)
Stephen Nava scores
Greg Grant to third
Pitching: RHP Bryant Hatcher
Batting: RHB Scott Graves 0-0: Ball
1-0: Ball
2-0: Swinging Strike
2-1: Called Strike
2-2: Ball
3-2: Foul Ball, location: 2F
3-2: Base on Balls
Batting: RHB Walt McDonald 0-0: Ball
1-0: Ball
2-0: Ball
3-0: Called Strike
3-1: Swinging Strike
3-2: Base on Balls
Greg Grant scores
William Robinson to third
Scott Graves to second
Pitching: LHP Félix Martínez
Pinch Hitting: SHB Rubén Valle 0-0: SINGLE (Line Drive, 6MD)
William Robinson scores
Scott Graves to third
Walt McDonald to second
Runner from 3rd tries for Home, SAFE, no throw or cutoff
Batting: LHB Clayton Bailey 0-0: Called Strike
0-1: Ball
1-1: DOUBLE (Flyball, 78XD)
Walt McDonald scores
Rubén Valle to third
Batting: SHB Jorge Dávila 0-0: Called Strike
0-1: Ball
1-1: Foul Ball, location: 2F
1-2: Ball
2-2: Ball
3-2: Strikes out swinging
Batting: RHB Stephen Nava 0-0: Called Strike
0-1: Called Strike
0-2: Ball
1-2: Ball
2-2: Foul Ball, location: 2F
2-2: Ball
3-2: SINGLE (Flyball, 8LS) - OUT at second base trying to stretch hit.
Rubén Valle scores
Clayton Bailey scores
Bottom of the 8th over - 7 run(s), 6 hit(s), 0 error(s), 0 left on base; Kentucky 6 - Alabama 10
TOP OF THE 9TH
Kentucky Wildcats batting - Pitching for Alabama Crimson Tide : RHP Alfonso Sánchez
Now in CF: Tom York
Batting: RHB Morris Wilson 0-0: Foul Ball, location: 2F
0-1: Swinging Strike
0-2: Strikes out swinging
Batting: LHB Eric Dillard 0-0: Ball
1-0: Ball
2-0: Called Strike
2-1: Ball
3-1: Swinging Strike
3-2: Foul Ball, location: 2F
3-2: Foul Ball, location: 2F
3-2: Ground out 6-3 (Groundball, 6)
Batting: RHB Julius Farmer 0-0: Ball
1-0: Ball
2-0: Ball
3-0: Base on Balls
Batting: SHB Arnold Moore 0-0: Called Strike
0-1: Swinging Strike
0-2: Ground out 4-3 (Groundball, 4)
Top of the 9th over - 0 run(s), 0 hit(s), 0 error(s), 1 left on base; Kentucky 6 - Alabama 10
Monday, December 5th, 2016 - OOTP Baseball 17.12 Build 75